 Dungeon Crawl Stone Soup version 0.17.0-26-gececa24 (webtiles) character file.

38 4thArraOfDagon the Sneak (level 3, 0/15 HPs)
             Began as a Felid Ice Elementalist on Nov 19, 2015.
             Slain by a giant frog (3 damage)
             ... on level 5 of the Dungeon.
             The game lasted 00:02:27 (358 turns).

4thArraOfDagon the Sneak (Felid Ice Elementalist)    Turns: 358, Time: 00:02:27

Health: 0/15       AC:  1    Str:  4    XL:     3   Next: 25%
Magic:  2/7        EV: 18    Int: 16    God:
Gold:   9          SH:  0    Dex: 17    Spells: 1 memorised, 5 levels left
                                        Lives:  0   Deaths: 0

rFire  . . .     SeeInvis +       - Unarmed
rCold  . . .     Clarity  .     (armour unavailable)
rNeg   . . .     SustAt   .     (shield unavailable)
rPois  .         Gourm    .     (helmet unavailable)
rElec  .         Spirit   .     (cloak unavailable)
rCorr  .         Warding  .     (gloves unavailable)
rMut   .         Stasis   .     (boots unavailable)
MR     .....                    (no amulet)
Stlth  +++.......               (no ring)
                                (no ring)

@: flying, very slightly contaminated, hasted, very quick, not resistant to
hostile enchantments, fairly stealthy
A: no armour, no weapons or thrown items, claws 1, fangs 3, see invisible,
carnivore 3, speed 1, shaggy fur 1, slow metabolism 1, sharp paws
a: no special abilities


You were on level 5 of the Dungeon.
You were not hungry.

You visited 1 branch of the dungeon, and saw 6 of its levels.

You collected 9 gold pieces.

Inventory:

Scrolls
 d - a scroll of blinking
Books
 a - a book of Frost

   Spells                             Type                      Level
   a - Freeze                         Ice                          1
   b - Throw Frost                    Conjuration/Ice              2
   c - Ozocubu's Armour               Charms/Ice                   3
   d - Throw Icicle                   Conjuration/Ice              4
   e - Summon Ice Beast               Ice/Summoning                4
   f - Condensation Shield            Ice                          4
Comestibles
 b - a meat ration


   Skills:
 + Level 1.1 Fighting
 + Level 3.1 Dodging
 + Level 3.2 Stealth
 * Level 1.9 Unarmed Combat
 - Level 2.0 Spellcasting
   Level 0.8 Conjurations
 - Level 2.6 Ice Magic


You had 5 spell levels left.
You knew the following spells:

 Your Spells              Type           Power        Failure   Level  Hunger
a - Freeze                Ice            ##..         10%         1    #......


Dungeon Overview and Level Annotations

Branches:
Dungeon (6/15)
 Temple: D:4-7

Altars:
Zin

Annotations:
D:4 Robin
D:5 dorian's ghost, novice OpFE


Innate Abilities, Weirdness & Mutations

You cannot wear armour.
You are incapable of wielding weapons or throwing items.
You have sharp claws.
You have razor-sharp teeth.
You have supernaturally acute eyesight.
You are carnivorous and can eat meat at any time.
You cover ground quickly.
You are covered in fur (AC +1).
You have a slow metabolism.
Your sharp claws are effective at attacking unaware monsters.


Message History

The adder misses you.
You barely miss the adder.
The adder is severely wounded.
You barely miss the adder.
The adder is severely wounded.
The adder completely misses you.
Unknown command.
You scratch the adder.
You kill the adder!
Unknown command.
Found a mace.
Casting: Freeze
Confirm with . or Enter, or press ? or * to list all spells.
Aiming: Freeze
Press: ? - help, Shift-Dir - straight line, f/p - giant frog
Aim: a giant frog (heavily wounded)
You freeze the giant frog.
The giant frog seems to slow down.
The giant frog is severely wounded.
The giant frog hits you.
You die...

...####...........#
#.......###....#...#
#......## ##..####..
.......# #...##
.......# #....#
.......# #..##.##
##...#.....# #..#
#..###.... ##F####.#
...# ..##. #.@...#
.# #.....#..##
#...####.# #.... .#
..## . . ). #. #.


You could see a giant frog.

Vanquished Creatures
  3 adders
  A giant gecko (D:3)
  An orc (D:3)
  2 hobgoblins (D:1)
  A giant newt (D:4)
  2 kobolds
  A quokka skeleton (D:4)
  A rat (D:1)
12 creatures vanquished.

Notes
Turn   | Place    | Note
--------------------------------------------------------------
     0 | D:1      | 4thArraOfDagon the Felid Ice Elementalist began the quest for the Orb.
     0 | D:1      | Reached XP level 1. HP: 7/7 MP: 4/4
    83 | D:3      | Reached skill level 1 in Unarmed Combat
   101 | D:3      | Found a glowing silver altar of Zin.
   101 | D:3      | Noticed an angel
   135 | D:3      | Reached XP level 2. HP: 10/12 MP: 6/6
   146 | D:4      | Reached skill level 1 in Fighting
   195 | D:4      | Noticed Robin
   238 | D:4      | Reached skill level 3 in Stealth
   250 | D:5      | Entered Level 5 of the Dungeon
   257 | D:5      | Reached XP level 3. HP: 15/15 MP: 5/7
   258 | D:5      | Noticed dorian's ghost (novice OpFE)
   307 | D:6      | Noticed a giant frog
   358 | D:5      | Slain by a giant frog

Action                   || total
-------------------------++-------
Melee: Unarmed           ||    19
 Cast: Freeze            ||    14
  Use: Scroll            ||     4
       Potion            ||     2
 Stab: Sleeping          ||     5
  Eat: Chunk             ||     2
